 Dungeon Crawl Stone Soup version 0.28-a0-872-g80cf8599ee (webtiles) character file.

Game seed: 17527415668436337836

4941 dracfodder the Cleaver (level 10, -2/61 HPs)
             Began as a Gargoyle Berserker on Nov 20, 2021.
             Was a High Priest of Trog.
             Slain by an orc warrior (18 damage)
             ... on level 10 of the Dungeon.
             The game lasted 00:31:55 (8412 turns).

dracfodder the Cleaver (Gargoyle Berserker)         Turns: 8412, Time: 00:31:56

Health: -2/61      AC: 12    Str: 25    XL:     10   Next: 52%
Magic:  10/10      EV: 12    Int:  7    God:    Trog [*****.]
Gold:   574        SH:  5    Dex:  9    Spells: 9/9 levels left

rFire   . . .      SeeInvis .   a - +6 hand axe (vamp)
rCold   + . .      Faith    .   (no shield)
rNeg    + . .      Spirit   .   F - +3 leather armour {rC+}
rPois   ∞          Reflect  +   (no helmet)
rElec   +          Harm     .   y - +1 cloak
rCorr   .          Rampage  .   c - +2 pair of gloves
Will    .....                   i - +0 pair of boots
Stlth   +.........              p - amulet of reflection
HPRegen 0.20/turn               k - ring of flight
MPRegen 0.12/turn               (no ring)

@: corroded, on berserk cooldown, flying, slowed, very slow
A: sickness immunity, AC +7, negative energy resistance 1, electricity
resistance, torment resistance 1, petrification resistance
a: Renounce Religion, Berserk, Trog's Hand, Brothers in Arms


You were on level 10 of the Dungeon.
You worshipped Trog.
Trog was extremely pleased with you.
You visited 1 branch of the dungeon, and saw 10 of its levels.

You collected 574 gold pieces.

Inventory:

Hand Weapons
 a - a +6 vampiric hand axe (weapon)
 b - a +4 hand crossbow
 l - a +0 halberd
 w - a +1 flail of draining
 A - a +0 shortbow
 E - a +3 scimitar of flaming
 M - a +3 battleaxe of freezing
Missiles
 d - 112 bolts
 e - 326 stones
 h - 100 arrows
 j - 85 sling bullets
 C - 2 boomerangs
 J - 2 throwing nets
 K - a curare-tipped dart
Armour
 c - a +2 pair of gloves (worn)
 i - a +0 pair of boots (worn)
 y - a +1 cloak (worn)
 F - a +3 leather armour of cold resistance (worn)
Jewellery
 k - a ring of flight (left hand)
 p - an amulet of reflection (around neck)
Wands
 n - a wand of flame (1) (quivered)
 v - a wand of iceblast (13)
 N - a wand of acid (7)
Scrolls
 z - 3 scrolls of teleportation
 B - a scroll of fear
 I - a scroll of magic mapping
 L - a scroll of fog
 O - a scroll of immolation {unknown}
Potions
 f - a potion of resistance
 g - 3 potions of cancellation
 m - a potion of curing
 o - 4 potions of heal wounds {unknown}
 q - 4 potions of brilliance {unknown}
 r - a potion of invisibility {unknown}
 s - 4 potions of haste
 t - 3 potions of might
 u - 3 potions of ambrosia {unknown}
 x - 3 potions of mutation {unknown}
 D - 3 potions of lignification {unknown}
 G - a potion of attraction {unknown}
 H - 2 potions of flight {unknown}


   Skills:
 + Level 6.5 Fighting
 * Level 11.4 Axes
 + Level 1.2 Crossbows
 + Level 0.1 Throwing
 + Level 4.5 Armour
 + Level 4.0 Dodging
 + Level 1.5 Stealth
 + Level 3.8 Shields
 + Level 1.6 Evocations


You had 9 spell levels left.
You didn't know any spells.
Your spell library was empty.

Dungeon Overview and Level Annotations

Branches:
Dungeon (10/15)            Temple (0/1) D:5             Orc (0/2) D:9
   Lair: D:8-11

Altars:
Kikubaaqudgha
Uskayaw
The Shining One


Innate Abilities, Weirdness & Mutations

You are immune to sickness and miasma.
Your stone body is resilient. (AC +7)
You are immune to poison.
You resist negative energy. (rN+)
You are resistant to electric shocks. (rElec)
You are resistant to unholy torment.
You are immune to petrification.


Message History

You hear a shout! x2
The kobold closely misses you.
A kobold comes into view. It is wielding a +0 club.
The orc wizard shouts!
The kobold shouts!
You hit the kobold.
You kill the kobold!
Trog accepts your kill.
You hear a shout!
A kobold, an orc and an orc priest come into view.
The orc priest shouts!
The kobold shouts!
The orc shouts!
You hear an angry buzzing noise.
The orc hits you but does no damage.
A kobold comes into view. It is wielding a +0 club.
The orc hits you with a +2 whip of draining.
The kobold moves out of view.
A kobold brigand comes into view.
It is wielding a +0 whip and quivering poisoned darts.
You see here a +0 short sword.
You slash the orc!
You kill the orc!
Trog accepts your kill.
A hornet comes into view.
You closely miss the kobold. The kobold closely misses you.
You slash the kobold!
You feel better.
You kill the kobold!
Trog accepts your kill.
You hit the orc priest but do no damage.
The orc priest hits you with a +0 flail!
The orc warrior hits you from afar with a +0 glaive!
The orc priest hits you with a +0 flail.
The orc wizard hits you but does no damage.
The orc warrior misses you.
Items here: ( )) [ ††.
You barely miss the orc priest. You barely miss the orc wizard.
You hit the orc warrior but do no damage.
The orc priest calls down the wrath of Beogh upon you.
Beogh smites you!
* * * LOW HITPOINT WARNING * * *
You block the orc wizard's attack.
The orc warrior hits you with a +0 glaive!!
You die... ...... ...... ...... ....W# #..oK ## ... .oy

K## .. #o#..## .o
#oo#..# #.
##@##.# ###..
#.##.#
#....###)##.#
#..)#.##.##
#§#)......### #
####.#....#######
#.##.........#
#.###....<...#
#.# #........#


You could see a hornet, an orc warrior, a shadow, an orc priest, an orc wizard,
2 orcs and 2 kobolds.

Vanquished Creatures
  Erica (D:9)
  A kobold demonologist (D:10)
  A wyvern (D:8)
  The ghost of Encipher the Ruffian, an amateur DrTm (D:4)
  2 steam dragons
  2 water moccasins
  An ice beast (D:6)
  A sky beast (D:5)
  4 orc warriors
  2 black bears (D:5)
  A swamp drake (D:9)
  A necrophage (D:5)
  2 ogres (D:6)
  2 centaurs (D:7)
  2 gnoll sergeants (D:6)
  A kobold brigand (D:9)
  A bullfrog (D:6)
  A wyvern skeleton (D:7)
  A scorpion (D:5)
  2 water moccasin skeletons (D:4)
  4 killer bees (D:8)
  8 wights (D:9)
  5 centaur zombies
  4 orc priests
  3 hounds
  A gnoll shaman (D:6)
  2 bullfrog skeletons
  Crazy Yiuf (D:5)
  3 iguanas
  7 orc wizards
  A killer bee zombie (D:7)
  A hound skeleton (D:4)
  A hound zombie (D:5)
  2 howler monkey zombies
  16 gnolls (D:6)
  A howler monkey skeleton (D:6)
  5 adders
  3 shadow imps
  2 white imps
  An ufetubus (D:4)
  2 dart slugs (D:4)
  48 orcs
  5 bats
  4 endoplasms
  4 giant cockroaches
  4 goblins
  10 hobgoblins
  6 jackals (D:3)
  19 kobolds
  5 quokkas
  5 ball pythons
  A frilled lizard (D:1)
  8 rats
222 creatures vanquished.

Vanquished Creatures (others)
  2 fungi (D:5)
2 creatures vanquished.

Grand Total: 224 creatures vanquished

Notes
Turn   | Place    | Note
-------+----------+-------------------------------------------
     0 | D:1      | dracfodder the Gargoyle Berserker began the quest for the
                  | Orb.
     0 | D:1      | Reached XP level 1. HP: 14/14 MP: 1/1
    98 | D:1      | Reached XP level 2. HP: 19/19 MP: 2/2
   280 | D:1      | Reached skill level 3 in Axes
   645 | D:1      | Reached ** piety under Trog
   778 | D:1      | Reached XP level 3. HP: 24/24 MP: 3/3
  1264 | D:2      | Found a faded altar of an unknown god.
  1461 | D:2      | Found a hide-covered altar of Uskayaw.
  1842 | D:3      | Reached XP level 4. HP: 29/29 MP: 4/4
  2119 | D:4      | Reached skill level 4 in Axes
  2309 | D:4      | Noticed Encipher's ghost (amateur DrTm)
  2317 | D:4      | Found a runed translucent gate.
  2317 | D:4      | Found a runed translucent gate.
  2369 | D:4      | Found a runed translucent gate.
  2396 | D:4      | Reached XP level 5. HP: 33/33 MP: 5/5
  2798 | D:3      | Reached *** piety under Trog
  3009 | D:4      | Found an ancient bone altar of Kikubaaqudgha.
  3065 | D:5      | Entered Level 5 of the Dungeon
  3065 | D:5      | Noticed a black bear
  3072 | D:5      | Killed a black bear
  3073 | D:5      | Reached skill level 5 in Axes
  3073 | D:5      | Reached XP level 6. HP: 34/38 MP: 6/6
  3466 | D:4      | Reached XP level 7. HP: 31/44 MP: 7/7
  3469 | D:4      | Reached skill level 6 in Axes
  3469 | D:4      | Reached skill level 1 in Shields
  3765 | D:4      | Killed Encipher's ghost
  4143 | D:5      | Reached skill level 7 in Axes
  4143 | D:5      | Reached XP level 8. HP: 47/48 MP: 8/8
  4396 | D:5      | Found a staircase to the Ecumenical Temple.
  4600 | D:5      | Found a runed translucent door.
  4601 | D:5      | Noticed Crazy Yiuf
  4614 | D:5      | Killed Crazy Yiuf
  4877 | D:6      | Reached skill level 1 in Stealth
  4932 | D:6      | Reached **** piety under Trog
  4934 | D:6      | Reached skill level 5 in Fighting
  4935 | D:6      | Reached skill level 8 in Axes
  5327 | D:6      | Reached XP level 9. HP: 43/54 MP: 9/9
  5490 | D:7      | Reached skill level 9 in Axes
  5981 | D:7      | Reached skill level 1 in Evocations
  6590 | D:7      | Reached skill level 10 in Axes
  7055 | D:8      | Reached ***** piety under Trog
  7393 | D:10     | Entered Level 10 of the Dungeon
  7433 | D:9      | Found an ancient bone altar of Kikubaaqudgha.
  7457 | D:9      | Reached XP level 10. HP: 60/60 MP: 10/10
  7501 | D:9      | Noticed Erica
  7524 | D:9      | Killed Erica
  7525 | D:9      | Reached skill level 11 in Axes
  7699 | D:9      | Found a glowing golden altar of the Shining One.
  7944 | D:9      | Found a staircase to the Orcish Mines.
  7955 | D:9      | Reached skill level 1 in Crossbows
  8367 | D:10     | Noticed a kobold demonologist
  8371 | D:10     | Noticed a rust devil
  8381 | D:10     | Noticed a rust devil
  8389 | D:10     | Killed a kobold demonologist
  8412 | D:10     | Slain by an orc warrior

Illustrated notes

Levels and vault maps discovered:
D:1:      lightli_arrival_flooded_house, layout_basic
D:2:      layout_rooms, basic_altar, dreamdust_ecumenical_altar_grove
D:3:      layout_basic, chequers_garden
D:4:      wander_river, layout_basic, kiku_gazebo_pond_becter,
          gammafunk_ghost_split, minmay_distorted
D:5:      layout_loops_cross, minmay_temple_entry_glassed_door, glass_columns_c,
          uniq_crazy_yiuf_cottage
D:6:      layout_basic, kennysheep_generic_room_16
D:7:      layout_loops_ring
D:8:      layout_cave_pools, hangedman_abyss_or_decor_stabs
D:9:      layout_basic, erik_orc_1, hangedman_feature_mirror, uniq_erica
D:10:     layout_rooms, uniq_urug

Skill      XL: |  1  2  3  4  5  6  7  8  9 10 |
---------------+-------------------------------+-----
Axes           | 3 4 5 7 8 10 11 | 11.4
Fighting       | 4 5 6 |  6.5
Dodging        | 2 3 4 |  4.0
Armour         | 3 4 |  4.5
Shields        | 1 2 3 |  3.8
Stealth        | 1 |  1.5
Evocations     | 1 |  1.6
Crossbows      | 1 |  1.2
Throwing       | |  0.1

Action                   |  1- 3 |  4- 6 |  7- 9 | 10-12 || total
-------------------------+-------+-------+-------+-------++-------
Melee: Hand axe          |   117 |   106 |   257 |   105 ||   585
       Battleaxe         |       |       |       |     8 ||     8
 Fire: Hand crossbow     |       |       |       |    23 ||    23
Throw: Stone             |     3 |       |       |       ||     3
Invok: Berserk           |     1 |       |     3 |     2 ||     6
       Trog's Hand       |       |       |     3 |     1 ||     4
Evoke: Wand              |       |       |    19 |       ||    19
  Use: Scroll            |     5 |     6 |     4 |     2 ||    17
       Potion            |       |       |       |     1 ||     1
 Stab: Invisible         |       |       |     1 |       ||     1
Armor: Animal skin       |    20 |       |       |       ||    20
       Leather armour    |    42 |    43 |    94 |    40 ||   219
Dodge: Dodged            |    89 |    49 |   137 |    52 ||   327
Block: Other             |       |    29 |    52 |    21 ||   102
       Reflection        |       |     1 |     1 |     1 ||     3

Table legend: (Time is in decaauts)
 A = Elapsed time spent in this place.
 B = Non-inter-level travel time spent in this place.
 C = Inter-level travel time spent in this place.
 D = Time resting spent in this place.
 E = Time spent auto-exploring this place.
 F = Levels seen in this place.
 G = Mean time per level.
                   A        B        C        D        E       F      G
               +--------+--------+--------+--------+--------+-----+--------+
         Total |   8443 |   8100 |    343 |    346 |   5876 |  10 |  844.3 |
       Dungeon |   8443 |   8100 |    343 |    346 |   5876 |  10 |  844.3 |
               +--------+--------+--------+--------+--------+-----+--------+

Top non-repeatable levels by time:
     D:4: 1513 daAuts
     D:6: 1212 daAuts
     D:1: 1078 daAuts
     D:9: 979 daAuts
     D:5: 912 daAuts
     D:7: 806 daAuts
     D:8: 642 daAuts
     D:2: 641 daAuts
     D:3: 593 daAuts
    D:10: 63 daAuts
